Unix NetHack Version 5.0.0-0 post-release - last build Jul 19 2026 19:10:59 (3aa4ab31751d3886436d94b585a96704892fd477,branch:main).

Game began 2026-07-27 11:10:20, ended 2026-07-27 12:27:04.

LDaviesPeters, neutral female human Archeologist

        -----                          -----+-
        |....#                        #-)....+##
        |...|#   ---------            #|.{...| #
        |...|####.*......|            #|......######             ------
        |...|    |.......|            #|.....| #   #            #...((.#
        --.--    |.......|            #------- #             ####|..[.|#
          #      |........#           ###      #           @## ##.....|#
          #      ---------######        #      #         ##q   # ------#
          #                    ##       #      ###       ##  ###       #
         ##                     #       #        # #------#  #         #
         #                      #       #        # #|....-####         #
   ------.--                    #       #        # #|....|#            #
   |.......|                    #       ##       ###|....|#            #
   |.......|                    #   -----#         #-....|#           ##
   |....<...                    ####.....#         #|.>[.|################
   |.......|                        |...|         ##------           #---|-
   ---------                        |...-##########                  #....|
                                    -----                             |...|
                                                                      -----

LDaviesPeters the Field Worker  St:10 Dx:10 Co:15 In:16 Wi:16 Ch:10  Neutral
Dlvl:4  $:0  HP:0(26) Pw:19(19) AC:3  Xp:4 T:2531  Hungry  

Latest messages:
 You swap places with your kitten.
 The door opens.
 You see here a dwarvish mithril-coat.
 Pick a monster, object or location.
 (        a useful item (pick-axe, key, lamp...) (a leash)
 You see here a dwarvish mithril-coat.
 What do you want to take off? [ny or ?*] ?
 You finish taking off your suit.
 What do you want to drop? [abdfgiknq-suxy or ?*] y
 You drop a +0 elven mithril-coat.
 C - a dwarvish mithril-coat.
 What do you want to wear? [C or ?*] C
 You finish your dressing maneuver.
 You see here a large box.
 Hmmm, the large box turns out to be locked.
 Unlock it with your lock pick? [ynq] (q) y
 You succeed in picking the lock.
 D - a pyramidal amulet.
 The newt bites!
 You kill the newt!
 You see here a newt corpse.
 There is a newt corpse here; eat it? [ynq] (n) y
 This newt corpse is stringy.
 You finish eating the newt corpse.
 You see here an empty unlocked large box.
 You see here a leash.
 The door opens.
 You swap places with your kitten.
 The rothe misses!
 The rothe bites!
 The rothe bites again!
 The kitten bites the rothe.
 The rothe hits the kitten.
 The rothe misses the kitten.
 The rothe misses the kitten.
 You lash the rothe.
 The rothe hits!
 The rothe misses!
 The rothe bites!
 You are beginning to feel hungry.
 You lash the rothe.
 The rothe hits!
 The rothe bites!
 The rothe bites again!
 You miss the rothe.
 The rothe hits!
 The rothe misses!
 The rothe bites!
 You die...
 Do you want your possessions identified? [ynq] (y) q

Inventory:
 Amulets  ('"')
  r - an uncursed amulet of magical breathing (being worn)
  D - a cursed amulet of restful sleep
 Weapons  (')')
  a - a +2 bullwhip (weapon in right hand)
 Armor    ('[')
  n - an uncursed +0 orcish helm (being worn)
  C - an uncursed +0 dwarvish mithril-coat (being worn)
 Comestibles  ('%')
  d - 3 uncursed food rations
  x - an uncursed tin of spinach
 Rings    ('=')
  s - an uncursed ring of invisibility
  i - an uncursed ring of shock resistance (on left hand)
 Wands    ('/')
  q - a wand of undead turning (0:3)
 Tools    ('(')
  b - an uncursed sack containing 2 items
  k - an uncursed lock pick
  f - a tinning kit (0:54)
 Gems/Stones  ('*')
  u - an uncursed garnet stone
  g - an uncursed touchstone

Contents of the sack:
  61 gold pieces
  a +0 pick-axe

LDaviesPeters the Archeologist's attributes:

Background:
 You were a Field Worker, a level 4 female human Archeologist.
 You were neutral, nominally on a mission for Camaxtli
 who was opposed by Quetzalcoatl (lawful) and Huhetotl (chaotic).
 You were right-handed.
 You were in the Dungeons of Doom, on level 4.
 You entered the dungeon 2531 turns ago.
 You had 119 experience points, 41 more were needed to attain level 5.

Basics:
 You had 0 out of 26 hit points.
 You had all 19 energy points (spell power).
 Your armor class was 3.
 Your wallet was empty, but
 you had 61 zorkmids stashed away in your pack.
 Autopickup was off.

Final Characteristics:
 Your strength was 10 (limit:18/100).
 Your dexterity was 10 (limit:18).
 Your constitution was 15 (limit:18).
 Your intelligence was 16 (limit:18).
 Your wisdom was 16 (limit:18).
 Your charisma was 10 (limit:18).

Final Status:
 You were hungry.
 You were unencumbered.
 You were wielding a whip.
 You had basic skill with whip.

Final Attributes:
 You were piously aligned.
 You were shock resistant.
 Your items were protected from electric shocks.
 You were telepathic.
 You had automatic searching.
 You could survive without air.
 You were guarded.
 Your spell casting was impaired by metallic armor.
 You are dead.

Miscellaneous:
 You didn't encounter any bones levels.
 Total elapsed playing time was 24 minutes and 33 seconds.

Major events:
 Turn
    1: LDaviesPeters the neutral female human Archeologist entered the dungeon
  949: attained the rank of Field Worker (level 3)
 1197: entered the Gnomish Mines
 2531: killed by a rothe

Spells:
 Name                 Level Category     Fail Retention
 healing                1   healing      100%  76%-100%

Skills:
 Fighting Skills
   bare handed combat [Unskilled]
   two weapon combat  [Unskilled]
   riding             [Unskilled]
 Weapon Skills
   dagger             [Unskilled]
   knife              [Unskilled]
   pick-axe           [Basic]
   short sword        [Unskilled]
   saber              [Unskilled]
   club               [Unskilled]
   quarterstaff       [Unskilled]
   sling              [Unskilled]
   dart               [Unskilled]
   boomerang          [Unskilled]
   whip               [Basic]
   unicorn horn       [Unskilled]
 Spellcasting Skills
   attack spells      [Unskilled]
   healing spells     [Unskilled]
   divination spells  [Unskilled]
   matter spells      [Unskilled]

Voluntary challenges:
 Character rerolling was not enabled.
 You were an atheist.
 You never genocided any monsters.
 You never polymorphed an object.
 You never changed form.
 You used no wishes.
Achievements:
 You entered a shop.
 You attained the rank of Field Worker.
 You entered the Gnomish Mines.

 The Dungeons of Doom: levels 1 to 5
    Level 1:
    Level 2:
       A general store.
    Level 3:
       Some fountains, a sink.
       Stairs down to The Gnomish Mines.
    Level 4: <- You were here.
       A fountain.
       Final resting place for
          you, killed by a rothe.
    Level 5:
 The Gnomish Mines:
    Level 4:


Vanquished creatures:
  a gnome leader
  a floating eye
  a kobold leader
  a coyote
  2 hobbits
  a large kobold
  2 giant rats
  a gnome
  3 geckos
  5 goblins
  a sewer rat
  2 grid bugs
  2 bats
  a lichen
  7 newts
31 creatures vanquished.

No species were genocided or became extinct.

Game over:
                       ----------
                      /          \
                     /    REST    \
                    /      IN      \
                   /     PEACE      \
                  /                  \
                  |  LDaviesPeters   |
                  |      61 Au       |
                  |   killed by a    |
                  |      rothe       |
                  |                  |
                  |                  |
                  |       2026       |
                 *|     *  *  *      | *
        _________)/\\_//(\/(/\)/\//\/|_)_______

Goodbye LDaviesPeters the Archeologist...

You died in The Dungeons of Doom on dungeon level 4 with 731 points,
and 61 pieces of gold, after 2531 moves.
You were level 4 with a maximum of 26 hit points when you died.

